[ AOE2 MATCH · #477320234 ]
UnrankedPersians vs Poles
[ REPLAY ANALYSIS · EXTRACTED FROM THE RECORDED GAME ]
Feudal
11:03
Castle
23:03
Imperial
—
| APM avg | 25.6 |
| APM peak | 62 |
| eAPM avg | 19.7 |
| Villagers / military | 143 / 0 |
Focus
⚔️ 17.2% · 🌾 82.8%
Feudal
10:39
Castle
14:12
Imperial
27:19
| APM avg | 43.9 |
| APM peak | 73 |
| eAPM avg | 31.4 |
| Villagers / military | 101 / 158 |
Focus
⚔️ 41.7% · 🌾 58.3%
Battle Elephant ×136 · Fishing Ship ×55 · Trebuchet (Packed) ×9 · Armored Elephant ×7 · Monk ×3 · Scout Cavalry ×3
Feudal
11:58
Castle
16:25
Imperial
32:38
| APM avg | 30.8 |
| APM peak | 71 |
| eAPM avg | 19.2 |
| Villagers / military | 108 / 130 |
Focus
⚔️ 37.2% · 🌾 62.8%
Spearman ×69 · Knight ×44 · Scout Cavalry ×9 · Monk ×5 · Trebuchet (Packed) ×3
Feudal
11:09
Castle
15:15
Imperial
38:50
| APM avg | 34.6 |
| APM peak | 69 |
| eAPM avg | 16.5 |
| Villagers / military | 114 / 116 |
Focus
⚔️ 27.9% · 🌾 72.1%
Composite Bowman ×113 · Petard ×3
Feudal
11:28
Castle
15:23
Imperial
34:57
| APM avg | 32.9 |
| APM peak | 67 |
| eAPM avg | 20.1 |
| Villagers / military | 165 / 146 |
Focus
⚔️ 28.2% · 🌾 71.8%
Knight ×142 · Obuch ×2 · Petard ×2
Feudal
8:55
Castle
21:56
Imperial
34:43
| APM avg | 30.3 |
| APM peak | 70 |
| eAPM avg | 23.1 |
| Villagers / military | 164 / 128 |
Focus
⚔️ 31.7% · 🌾 68.3%
Knight ×127 · Monk ×1
Feudal
10:59
Castle
14:43
Imperial
33:34
| APM avg | 39.7 |
| APM peak | 90 |
| eAPM avg | 20.5 |
| Villagers / military | 150 / 61 |
Focus
⚔️ 30.3% · 🌾 69.7%
Cavalry Archer ×29 · Janissary ×22 · Petard ×7 · Monk ×2 · Trebuchet (Packed) ×1
Feudal
11:06
Castle
14:53
Imperial
29:15
| APM avg | 27.8 |
| APM peak | 64 |
| eAPM avg | 17.1 |
| Villagers / military | 100 / 151 |
Focus
⚔️ 39.3% · 🌾 60.7%
Camel Scout ×84 · Spearman ×61 · Fishing Ship ×25 · Bombard Cannon ×4 · Militia ×1 · Mangonel ×1
Match map
Initial resources + every placement click. Lines = walls · curves = elevation contours. ◆ gold · ⬟ stone · ● berries · ✦ relic · ◌ wall gap
Your base· ✓ Closed at 23:03 · 33t walls · 6 gate(s)
Water's base· ✓ Map-separated
newisyou's base· ✓ Closed at 16:25 · 0t walls · 5 gate(s)
__wArDadDy's base· ✓ Closed at 15:15 · 0t walls · 3 gate(s)
justkidding's base· ✓ Closed at 15:23 · 0t walls · 3 gate(s)
O P T I M U S's base· ✓ Closed at 21:56 · 0t walls · 5 gate(s)
Deadkorpse's base· ✓ Closed at 14:43 · 0t walls · 5 gate(s)
BSL | Afterlife's base· ✓ Map-separated
Smoothed initial terrain · ◌ = detected wall gap · hover for details
Inputs per minute
— FraGStaR - - Water
Build order — FraGStaR
First 150 of 256 actions detected
| 0:04 | Create | Villager (Male) |
| 0:05 | Create | Villager (Male) |
| 0:05 | Create | Villager (Male) |
| 0:05 | Create | Villager (Male) |
| 0:06 | Create | Villager (Male) |
| 0:06 | Create | Villager (Male) |
| 0:08 | Build | House |
| 0:12 | Build | House |
| 1:41 | Create | Villager (Male) |
| 1:41 | Create | Villager (Male) |
| 2:09 | Create | Villager (Male) |
| 2:49 | Create | Villager (Male) |
| 2:49 | Create | Villager (Male) |
| 3:09 | Create | Villager (Male) |
| 3:09 | Create | Villager (Male) |
| 3:36 | Build | Lumber Camp |
| 3:37 | Create | Villager (Male) |
| 3:56 | Build | House |
| 4:12 | Create | Villager (Male) |
| 4:12 | Create | Villager (Male) |
| 4:24 | Create | Villager (Male) |
| 4:24 | Create | Villager (Male) |
| 5:01 | Create | Villager (Male) |
| 5:01 | Create | Villager (Male) |
| 5:01 | Create | Villager (Male) |
| 5:02 | Create | Villager (Male) |
| 5:24 | Create | Villager (Male) |
| 5:24 | Create | Villager (Male) |
| 5:25 | Create | Villager (Male) |
| 5:36 | Build | Mill |
| 5:44 | Build | Mill |
| 5:47 | Build | House |
| 5:53 | Build | House |
| 6:06 | Create | Villager (Male) |
| 6:07 | Create | Villager (Male) |
| 6:07 | Create | Villager (Male) |
| 6:42 | Create | Villager (Male) |
| 6:43 | Create | Villager (Male) |
| 7:26 | Create | Villager (Male) |
| 7:29 | Build | House |
| 7:39 | Research | Loom |
| 8:11 | Research | Feudal Age |
| 8:48 | Build | Mining Camp |
| 9:12 | Build | Mining Camp |
| 9:28 | Build | Barracks |
| 10:33 | Build | House |
| 10:39 | Build | Palisade Wall |
| 10:55 | Create | Villager (Male) |
| 11:03 | Age | Feudal Age |
| 11:17 | Build | Palisade Wall |
| 11:28 | Create | Villager (Male) |
| 11:51 | Build | Watch Tower |
| 12:10 | Create | Villager (Male) |
| 12:37 | Build | Watch Tower |
| 12:43 | Create | Villager (Male) |
| 13:08 | Build | Blacksmith |
| 13:53 | Research | Fletching |
| 14:12 | Build | Mining Camp |
| 14:40 | Build | Mill |
| 15:00 | Build | Watch Tower |
| 15:28 | Build | Watch Tower |
| 15:32 | Create | Villager (Male) |
| 15:38 | Create | Villager (Male) |
| 15:38 | Create | Villager (Male) |
| 15:38 | Create | Villager (Male) |
| 15:39 | Create | Villager (Male) |
| 15:50 | Create | Villager (Male) |
| 17:51 | Create | Villager (Male) |
| 17:51 | Create | Villager (Male) |
| 18:40 | Build | Stone Wall |
| 18:54 | Create | Villager (Male) |
| 19:06 | Build | Market |
| 19:20 | Build | Stone Wall |
| 19:42 | Create | Villager (Male) |
| 20:38 | Research | Castle Age |
| 21:17 | Build | Watch Tower |
| 21:38 | Build | Watch Tower |
| 21:55 | Build | Watch Tower |
| 23:03 | Age | Castle Age |
| 23:16 | Create | Villager (Male) |
| 23:16 | Create | Villager (Male) |
| 23:16 | Create | Villager (Male) |
| 24:40 | Build | Stone Wall |
| 25:24 | Create | Villager (Male) |
| 25:24 | Create | Villager (Male) |
| 26:01 | Build | Town Center |
| 27:18 | Build | Stone Wall |
| 27:25 | Build | Stone Wall |
| 27:26 | Build | Stone Wall |
| 27:27 | Build | Stone Wall |
| 28:07 | Create | Villager (Male) |
| 28:07 | Create | Villager (Male) |
| 28:40 | Create | Villager (Male) |
| 28:40 | Create | Villager (Male) |
| 28:40 | Create | Villager (Male) |
| 28:55 | Create | Villager (Male) |
| 28:55 | Create | Villager (Male) |
| 29:18 | Build | Farm |
| 29:18 | Build | Farm |
| 29:19 | Build | Farm |
| 29:19 | Build | Farm |
| 29:19 | Build | Farm |
| 29:22 | Create | Villager (Male) |
| 29:46 | Create | Villager (Male) |
| 29:55 | Build | House |
| 29:56 | Build | House |
| 29:57 | Build | House |
| 30:08 | Build | House |
| 30:09 | Build | House |
| 30:13 | Create | Villager (Male) |
| 30:24 | Build | Farm |
| 30:40 | Create | Villager (Male) |
| 30:47 | Create | Villager (Male) |
| 30:47 | Create | Villager (Male) |
| 31:04 | Build | Farm |
| 31:08 | Build | Farm |
| 31:28 | Create | Villager (Male) |
| 31:29 | Build | Farm |
| 31:35 | Create | Villager (Male) |
| 31:36 | Create | Villager (Male) |
| 31:36 | Create | Villager (Male) |
| 31:50 | Build | Farm |
| 31:50 | Build | Farm |
| 31:51 | Build | Farm |
| 31:55 | Create | Villager (Male) |
| 31:56 | Create | Villager (Male) |
| 32:14 | Create | Villager (Male) |
| 32:19 | Build | Farm |
| 32:29 | Build | Farm |
| 32:34 | Create | Villager (Male) |
| 32:35 | Create | Villager (Male) |
| 32:44 | Research | Double-Bit Axe |
| 32:51 | Build | Farm |
| 32:58 | Create | Villager (Male) |
| 32:59 | Create | Villager (Male) |
| 33:06 | Build | House |
| 33:07 | Build | House |
| 33:14 | Create | Villager (Male) |
| 33:14 | Create | Villager (Male) |
| 33:25 | Create | Villager (Male) |
| 33:38 | Create | Villager (Male) |
| 33:38 | Create | Villager (Male) |
| 34:01 | Create | Villager (Male) |
| 34:08 | Create | Villager (Male) |
| 34:19 | Build | House |
| 34:20 | Build | House |
| 34:21 | Build | House |
| 34:22 | Build | House |
| 34:23 | Build | House |
| 34:25 | Create | Villager (Male) |
Build order — Water
First 150 of 542 actions detected
| 0:00 | Create | Villager (Male) |
| 0:01 | Create | Villager (Male) |
| 0:03 | Build | House |
| 0:04 | Build | House |
| 0:17 | Create | Villager (Male) |
| 0:27 | Create | Villager (Male) |
| 1:34 | Create | Villager (Male) |
| 1:48 | Create | Villager (Male) |
| 2:05 | Build | Lumber Camp |
| 2:08 | Create | Villager (Male) |
| 2:22 | Create | Villager (Male) |
| 2:59 | Create | Villager (Male) |
| 3:29 | Create | Villager (Male) |
| 3:48 | Build | House |
| 4:03 | Create | Villager (Male) |
| 4:04 | Create | Villager (Male) |
| 4:22 | Create | Villager (Male) |
| 4:31 | Build | Dock |
| 4:52 | Build | House |
| 4:54 | Create | Villager (Male) |
| 5:11 | Create | Fishing Ship |
| 5:25 | Create | Villager (Male) |
| 5:46 | Create | Fishing Ship |
| 6:08 | Create | Villager (Male) |
| 6:19 | Build | House |
| 6:24 | Create | Villager (Male) |
| 6:28 | Create | Villager (Male) |
| 6:34 | Create | Fishing Ship |
| 6:56 | Create | Villager (Male) |
| 7:09 | Create | Fishing Ship |
| 7:13 | Build | House |
| 7:34 | Create | Villager (Male) |
| 7:38 | Build | Mill |
| 8:17 | Build | Mining Camp |
| 8:29 | Research | Feudal Age |
| 10:17 | Create | Villager (Male) |
| 10:39 | Age | Feudal Age |
| 10:41 | Build | Market |
| 10:44 | Build | Blacksmith |
| 10:49 | Create | Villager (Male) |
| 11:32 | Research | Castle Age |
| 11:32 | Research | Castle Age |
| 11:45 | Create | Fishing Ship |
| 12:07 | Create | Fishing Ship |
| 12:11 | Build | House |
| 12:11 | Build | House |
| 12:19 | Build | Fish Trap |
| 12:30 | Build | Fish Trap |
| 12:42 | Build | Fish Trap |
| 12:43 | Create | Villager (Male) |
| 12:55 | Build | Fish Trap |
| 12:56 | Create | Villager (Male) |
| 13:15 | Build | Fish Trap |
| 13:19 | Create | Fishing Ship |
| 14:12 | Age | Castle Age |
| 14:13 | Research | Double-Bit Axe |
| 14:15 | Build | Town Center |
| 14:19 | Build | Town Center |
| 14:20 | Create | Villager (Male) |
| 14:30 | Create | Villager (Male) |
| 14:36 | Create | Villager (Male) |
| 14:45 | Research | Tech 906 |
| 14:45 | Research | Tech 906 |
| 15:01 | Research | Bow Saw |
| 15:01 | Research | Bow Saw |
| 15:01 | Research | Bow Saw |
| 15:06 | Create | Villager (Male) |
| 15:24 | Create | Villager (Male) |
| 15:30 | Build | Monastery |
| 15:37 | Create | Villager (Male) |
| 15:45 | Create | Villager (Male) |
| 16:01 | Create | Villager (Male) |
| 16:02 | Create | Fishing Ship |
| 16:06 | Build | Fish Trap |
| 16:09 | Build | Fish Trap |
| 16:14 | Create | Villager (Male) |
| 16:17 | Build | Fish Trap |
| 16:29 | Create | Villager (Male) |
| 16:29 | Create | Villager (Male) |
| 16:32 | Create | Villager (Male) |
| 16:33 | Create | Fishing Ship |
| 16:42 | Build | Dock |
| 16:50 | Build | Fish Trap |
| 16:51 | Create | Villager (Male) |
| 16:52 | Create | Fishing Ship |
| 17:28 | Create | Fishing Ship |
| 17:28 | Create | Fishing Ship |
| 17:29 | Create | Villager (Male) |
| 17:29 | Create | Villager (Male) |
| 17:31 | Build | House |
| 17:34 | Build | House |
| 17:35 | Build | House |
| 17:45 | Build | Dock |
| 17:49 | Build | Fish Trap |
| 17:50 | Create | Fishing Ship |
| 17:51 | Research | Gillnets |
| 17:51 | Research | Gillnets |
| 17:57 | Create | Villager (Male) |
| 17:57 | Create | Villager (Male) |
| 17:57 | Create | Villager (Male) |
| 17:58 | Create | Villager (Male) |
| 18:02 | Create | Fishing Ship |
| 18:04 | Create | Fishing Ship |
| 18:08 | Build | Fish Trap |
| 18:13 | Build | Fish Trap |
| 18:17 | Create | Fishing Ship |
| 18:20 | Create | Villager (Male) |
| 18:21 | Create | Villager (Male) |
| 18:23 | Create | Villager (Male) |
| 18:23 | Create | Villager (Male) |
| 18:26 | Create | Fishing Ship |
| 18:29 | Create | Fishing Ship |
| 18:36 | Build | House |
| 18:37 | Build | House |
| 18:39 | Build | House |
| 18:46 | Create | Monk |
| 18:54 | Create | Fishing Ship |
| 18:55 | Create | Villager (Male) |
| 18:58 | Build | Fish Trap |
| 19:00 | Build | Fish Trap |
| 19:01 | Create | Fishing Ship |
| 19:01 | Create | Villager (Male) |
| 19:02 | Create | Villager (Male) |
| 19:11 | Build | Dock |
| 19:15 | Build | Lumber Camp |
| 19:16 | Create | Fishing Ship |
| 19:19 | Build | Fish Trap |
| 19:22 | Create | Fishing Ship |
| 19:24 | Create | Fishing Ship |
| 19:29 | Create | Villager (Male) |
| 19:29 | Create | Villager (Male) |
| 19:29 | Create | Villager (Male) |
| 19:32 | Build | Fish Trap |
| 19:34 | Create | Fishing Ship |
| 19:41 | Build | Mining Camp |
| 19:49 | Create | Fishing Ship |
| 19:55 | Build | Fish Trap |
| 19:56 | Create | Fishing Ship |
| 19:58 | Build | Fish Trap |
| 20:01 | Build | House |
| 20:01 | Build | House |
| 20:04 | Build | House |
| 20:04 | Build | House |
| 20:06 | Create | Fishing Ship |
| 20:08 | Create | Villager (Male) |
| 20:09 | Create | Villager (Male) |
| 20:09 | Create | Villager (Male) |
| 20:10 | Build | Fish Trap |
| 20:12 | Create | Fishing Ship |
| 20:16 | Build | House |
Build order — newisyou
First 150 of 389 actions detected
| 0:02 | Create | Villager (Male) |
| 0:02 | Create | Villager (Male) |
| 0:04 | Build | House |
| 0:06 | Build | House |
| 0:20 | Create | Villager (Male) |
| 0:21 | Create | Villager (Male) |
| 1:30 | Create | Villager (Male) |
| 2:07 | Create | Villager (Male) |
| 2:31 | Create | Villager (Male) |
| 2:37 | Build | Lumber Camp |
| 2:45 | Create | Villager (Male) |
| 3:18 | Create | Villager (Male) |
| 3:29 | Build | House |
| 3:36 | Create | Villager (Male) |
| 3:59 | Create | Villager (Male) |
| 4:33 | Create | Villager (Male) |
| 4:45 | Create | Villager (Male) |
| 5:06 | Build | House |
| 5:17 | Create | Villager (Male) |
| 5:30 | Create | Villager (Male) |
| 5:40 | Build | House |
| 5:49 | Create | Villager (Male) |
| 6:01 | Build | Mill |
| 6:16 | Create | Villager (Male) |
| 6:55 | Create | Villager (Male) |
| 7:15 | Build | Mining Camp |
| 7:33 | Create | Villager (Male) |
| 7:48 | Create | Villager (Male) |
| 8:33 | Create | Villager (Male) |
| 8:35 | Build | Farm |
| 8:36 | Create | Villager (Male) |
| 9:12 | Build | Farm |
| 9:12 | Create | Villager (Male) |
| 9:33 | Build | Farm |
| 9:37 | Research | Feudal Age |
| 9:57 | Build | Farm |
| 10:52 | Build | Barracks |
| 11:58 | Age | Feudal Age |
| 12:02 | Build | Stable |
| 12:06 | Create | Villager (Male) |
| 12:21 | Research | Loom |
| 12:55 | Build | Market |
| 13:09 | Research | Town Watch |
| 13:18 | Research | Double-Bit Axe |
| 13:34 | Create | Scout Cavalry |
| 13:45 | Research | Castle Age |
| 14:01 | Build | Farm |
| 14:03 | Create | Scout Cavalry |
| 14:06 | Build | Farm |
| 14:08 | Build | Farm |
| 14:26 | Build | Farm |
| 14:31 | Build | House |
| 14:48 | Create | Scout Cavalry |
| 14:54 | Build | Farm |
| 14:56 | Build | House |
| 15:07 | Create | Scout Cavalry |
| 16:21 | Build | Blacksmith |
| 16:25 | Age | Castle Age |
| 16:41 | Create | Villager (Male) |
| 16:45 | Build | Farm |
| 17:08 | Create | Scout Cavalry |
| 17:30 | Create | Scout Cavalry |
| 18:08 | Build | Farm |
| 18:10 | Build | Farm |
| 18:12 | Build | Farm |
| 18:13 | Create | Villager (Male) |
| 18:16 | Create | Villager (Male) |
| 18:30 | Create | Villager (Male) |
| 18:36 | Build | Monastery |
| 18:40 | Build | Town Center |
| 18:42 | Create | Villager (Male) |
| 18:44 | Research | Bow Saw |
| 18:53 | Research | Light Cavalry (upgrade) |
| 18:57 | Create | Scout Cavalry |
| 18:58 | Create | Scout Cavalry |
| 19:08 | Research | Husbandry |
| 19:25 | Create | Monk |
| 19:25 | Create | Monk |
| 19:27 | Build | House |
| 19:29 | Build | House |
| 19:30 | Build | House |
| 19:30 | Build | House |
| 19:32 | Create | Villager (Male) |
| 19:33 | Create | Villager (Male) |
| 19:39 | Create | Scout Cavalry |
| 20:33 | Create | Villager (Male) |
| 20:33 | Create | Villager (Male) |
| 20:34 | Create | Villager (Male) |
| 20:44 | Create | Villager (Male) |
| 20:45 | Create | Villager (Male) |
| 20:54 | Build | Farm |
| 20:54 | Build | Farm |
| 20:54 | Build | Farm |
| 20:55 | Build | Farm |
| 20:55 | Build | Farm |
| 20:58 | Create | Villager (Male) |
| 21:10 | Build | House |
| 21:21 | Research | Fervor |
| 21:33 | Build | House |
| 21:36 | Build | Farm |
| 21:39 | Create | Villager (Male) |
| 21:40 | Create | Villager (Male) |
| 21:40 | Create | Villager (Male) |
| 21:45 | Create | Villager (Male) |
| 21:46 | Create | Villager (Male) |
| 21:48 | Create | Villager (Male) |
| 21:48 | Create | Villager (Male) |
| 22:08 | Build | Farm |
| 22:09 | Create | Villager (Male) |
| 22:09 | Create | Villager (Male) |
| 22:11 | Create | Villager (Male) |
| 22:14 | Create | Villager (Male) |
| 22:18 | Build | House |
| 22:22 | Build | Farm |
| 22:25 | Create | Monk |
| 22:30 | Create | Villager (Male) |
| 22:31 | Create | Villager (Male) |
| 22:41 | Create | Villager (Male) |
| 22:56 | Build | House |
| 23:08 | Create | Villager (Male) |
| 23:17 | Build | Town Center |
| 23:21 | Create | Villager (Male) |
| 23:21 | Create | Villager (Male) |
| 23:23 | Create | Villager (Male) |
| 23:27 | Create | Villager (Male) |
| 23:31 | Build | House |
| 23:32 | Create | Villager (Male) |
| 23:35 | Build | Farm |
| 23:50 | Create | Monk |
| 23:53 | Create | Villager (Male) |
| 23:55 | Create | Villager (Male) |
| 24:05 | Build | House |
| 24:19 | Create | Villager (Male) |
| 24:19 | Create | Villager (Male) |
| 24:21 | Create | Villager (Male) |
| 24:24 | Create | Villager (Male) |
| 24:25 | Create | Villager (Male) |
| 24:29 | Build | Farm |
| 24:30 | Build | Farm |
| 24:32 | Build | Farm |
| 24:33 | Build | Farm |
| 24:38 | Create | Villager (Male) |
| 24:43 | Build | House |
| 24:58 | Create | Villager (Male) |
| 25:02 | Research | Wheelbarrow |
| 25:27 | Create | Villager (Male) |
| 25:27 | Create | Villager (Male) |
| 25:29 | Create | Villager (Male) |
| 25:29 | Create | Villager (Male) |
| 25:30 | Create | Villager (Male) |
Build order — __wArDadDy
First 150 of 281 actions detected
| 0:01 | Create | Villager (Male) ×4 |
| 0:02 | Build | House |
| 0:03 | Build | House |
| 1:27 | Create | Villager (Male) |
| 1:27 | Create | Villager (Male) |
| 1:48 | Build | Mule Cart |
| 1:56 | Create | Villager (Male) |
| 1:56 | Create | Villager (Male) |
| 2:21 | Create | Villager (Male) |
| 2:52 | Create | Villager (Male) |
| 3:16 | Create | Villager (Male) |
| 3:32 | Create | Villager (Male) |
| 3:55 | Build | House |
| 4:03 | Build | House |
| 4:13 | Create | Villager (Male) |
| 4:13 | Create | Villager (Male) |
| 4:36 | Create | Villager (Male) |
| 4:37 | Create | Villager (Male) |
| 4:49 | Create | Villager (Male) |
| 4:53 | Create | Villager (Male) |
| 5:22 | Create | Villager (Male) |
| 5:22 | Create | Villager (Male) |
| 5:22 | Create | Villager (Male) |
| 6:02 | Build | Mill |
| 6:04 | Create | Villager (Male) |
| 6:04 | Create | Villager (Male) |
| 7:13 | Build | Farm |
| 7:17 | Create | Villager (Male) |
| 7:31 | Build | Farm |
| 7:36 | Build | Farm |
| 7:39 | Create | Villager (Male) |
| 7:57 | Build | Farm |
| 8:00 | Create | Villager (Male) |
| 8:06 | Build | Mule Cart |
| 8:55 | Create | Villager (Male) |
| 8:59 | Research | Feudal Age |
| 9:23 | Build | House |
| 10:36 | Create | Villager (Male) |
| 10:36 | Create | Villager (Male) |
| 11:09 | Age | Feudal Age |
| 11:40 | Build | Market |
| 11:44 | Build | Blacksmith |
| 11:52 | Create | Villager (Male) |
| 12:16 | Build | House |
| 12:35 | Research | Castle Age |
| 12:35 | Research | Castle Age |
| 13:23 | Research | Double-Bit Axe |
| 13:57 | Research | Horse Collar |
| 14:33 | Create | Villager (Male) |
| 14:33 | Create | Villager (Male) |
| 15:14 | Create | Villager (Male) |
| 15:15 | Age | Castle Age |
| 15:17 | Build | Farm |
| 15:31 | Build | Castle |
| 15:56 | Build | Farm |
| 15:58 | Build | Farm |
| 16:01 | Create | Villager (Male) |
| 16:52 | Create | Villager (Male) |
| 16:55 | Build | Farm |
| 16:56 | Build | Farm |
| 16:58 | Create | Villager (Male) |
| 17:28 | Build | Farm |
| 17:36 | Build | Town Center |
| 17:38 | Create | Composite Bowman |
| 17:38 | Create | Composite Bowman |
| 17:39 | Create | Composite Bowman |
| 17:41 | Research | Fletching |
| 17:41 | Create | Villager (Male) |
| 17:45 | Build | Farm |
| 18:18 | Create | Composite Bowman |
| 18:19 | Create | Composite Bowman |
| 18:38 | Create | Villager (Male) |
| 18:38 | Create | Villager (Male) |
| 18:41 | Build | Farm |
| 18:44 | Create | Villager (Male) |
| 18:44 | Create | Villager (Male) |
| 18:50 | Create | Composite Bowman |
| 19:03 | Create | Composite Bowman |
| 19:05 | Create | Villager (Male) |
| 19:08 | Create | Villager (Male) |
| 19:08 | Create | Villager (Male) |
| 19:10 | Create | Composite Bowman |
| 19:20 | Create | Composite Bowman |
| 19:32 | Create | Composite Bowman |
| 19:33 | Create | Villager (Male) |
| 19:34 | Create | Villager (Male) |
| 19:41 | Build | Mule Cart |
| 20:02 | Create | Petard |
| 20:12 | Create | Composite Bowman |
| 20:16 | Create | Villager (Male) |
| 20:22 | Build | Farm |
| 20:35 | Create | Petard |
| 20:39 | Create | Villager (Male) |
| 20:45 | Build | Farm |
| 20:47 | Build | Farm |
| 20:48 | Build | Farm |
| 20:51 | Build | Farm |
| 20:53 | Create | Villager (Male) |
| 21:14 | Create | Composite Bowman |
| 21:18 | Create | Villager (Male) |
| 21:19 | Create | Villager (Male) |
| 21:23 | Build | House |
| 21:24 | Build | House |
| 21:31 | Create | Villager (Male) |
| 21:32 | Create | Villager (Male) |
| 22:02 | Create | Petard |
| 22:13 | Research | Bodkin Arrow |
| 22:14 | Create | Composite Bowman |
| 22:20 | Create | Villager (Male) |
| 22:24 | Build | University |
| 22:26 | Build | House |
| 22:27 | Build | House |
| 22:28 | Create | Villager (Male) |
| 22:43 | Create | Composite Bowman |
| 22:46 | Create | Villager (Male) |
| 22:47 | Create | Villager (Male) |
| 22:47 | Create | Villager (Male) |
| 22:58 | Build | Town Center |
| 23:15 | Create | Composite Bowman |
| 23:18 | Build | House |
| 23:19 | Build | House |
| 23:22 | Build | House |
| 23:22 | Build | House |
| 23:23 | Build | House |
| 23:24 | Build | House |
| 23:31 | Create | Villager (Male) |
| 23:32 | Create | Villager (Male) |
| 23:33 | Create | Villager (Male) |
| 23:43 | Create | Villager (Male) |
| 23:53 | Research | Ballistics |
| 25:08 | Create | Composite Bowman |
| 25:08 | Create | Composite Bowman |
| 25:09 | Create | Composite Bowman |
| 25:11 | Create | Villager (Male) |
| 25:11 | Create | Villager (Male) |
| 25:13 | Create | Villager (Male) |
| 25:13 | Create | Villager (Male) |
| 25:20 | Create | Villager (Male) |
| 25:35 | Build | Castle |
| 25:43 | Research | Padded Archer Armor |
| 25:45 | Create | Composite Bowman |
| 25:48 | Create | Villager (Male) |
| 25:50 | Create | Villager (Male) |
| 25:51 | Create | Villager (Male) |
| 25:51 | Create | Villager (Male) |
| 25:53 | Build | Farm |
| 25:53 | Build | Farm |
| 25:54 | Build | Farm |
| 25:54 | Build | Farm |
| 25:54 | Build | Farm |
Build order — justkidding
First 150 of 352 actions detected
| 0:03 | Create | Villager (Male) |
| 0:03 | Create | Villager (Male) |
| 0:03 | Create | Villager (Male) |
| 0:03 | Create | Villager (Male) |
| 0:05 | Build | House |
| 0:08 | Build | House |
| 1:39 | Create | Villager (Male) |
| 1:39 | Create | Villager (Male) |
| 1:55 | Build | Lumber Camp |
| 2:02 | Create | Villager (Male) |
| 2:02 | Create | Villager (Male) |
| 2:03 | Create | Villager (Male) |
| 2:24 | Create | Villager (Male) |
| 2:24 | Create | Villager (Male) |
| 3:02 | Create | Villager (Male) |
| 3:03 | Create | Villager (Male) |
| 3:03 | Create | Villager (Male) |
| 3:37 | Create | Villager (Male) |
| 3:37 | Create | Villager (Male) |
| 4:03 | Create | Villager (Male) |
| 4:03 | Create | Villager (Male) |
| 4:04 | Create | Villager (Male) |
| 4:12 | Build | House |
| 4:16 | Build | House |
| 4:18 | Build | House |
| 4:32 | Create | Villager (Male) |
| 4:33 | Create | Villager (Male) |
| 4:33 | Create | Villager (Male) |
| 4:33 | Create | Villager (Male) |
| 4:51 | Build | Mill |
| 5:11 | Create | Villager (Male) |
| 5:11 | Create | Villager (Male) |
| 5:14 | Create | Villager (Male) |
| 5:15 | Create | Villager (Male) |
| 5:31 | Create | Villager (Male) |
| 5:31 | Create | Villager (Male) |
| 5:54 | Create | Villager (Male) |
| 5:55 | Create | Villager (Male) |
| 5:55 | Create | Villager (Male) |
| 6:07 | Create | Villager (Male) |
| 6:07 | Create | Villager (Male) |
| 6:08 | Create | Villager (Male) |
| 6:38 | Create | Villager (Male) |
| 6:38 | Create | Villager (Male) |
| 7:04 | Build | Mining Camp |
| 7:17 | Create | Villager (Male) |
| 7:17 | Create | Villager (Male) |
| 9:02 | Research | Feudal Age |
| 9:11 | Build | Farm |
| 9:21 | Build | Farm |
| 9:25 | Build | Farm |
| 10:11 | Build | Farm |
| 10:23 | Create | Villager (Male) |
| 10:23 | Create | Villager (Male) |
| 11:28 | Age | Feudal Age |
| 11:33 | Create | Villager (Male) |
| 11:48 | Build | Market |
| 11:51 | Build | Blacksmith |
| 11:56 | Create | Villager (Male) |
| 11:56 | Create | Villager (Male) |
| 12:40 | Research | Castle Age |
| 13:48 | Build | Farm |
| 14:15 | Build | House |
| 14:22 | Build | Farm |
| 14:25 | Build | Farm |
| 14:32 | Build | Farm |
| 15:04 | Create | Villager (Male) |
| 15:09 | Research | Double-Bit Axe |
| 15:12 | Research | Horse Collar |
| 15:23 | Age | Castle Age |
| 15:36 | Build | Town Center |
| 15:38 | Create | Villager (Male) |
| 15:43 | Build | Farm |
| 15:54 | Build | House |
| 15:55 | Build | House |
| 16:11 | Build | Mill |
| 16:13 | Build | Farm |
| 16:15 | Build | Farm |
| 16:16 | Build | Farm |
| 16:22 | Build | Farm |
| 16:27 | Create | Villager (Male) |
| 16:27 | Create | Villager (Male) |
| 16:29 | Research | Bow Saw |
| 17:01 | Build | House |
| 17:04 | Create | Villager (Male) |
| 17:08 | Build | Farm |
| 17:25 | Build | Farm |
| 17:29 | Create | Villager (Male) |
| 17:31 | Create | Villager (Male) |
| 17:32 | Create | Villager (Male) |
| 17:39 | Build | Farm |
| 17:41 | Create | Villager (Male) |
| 18:06 | Build | Castle |
| 18:08 | Create | Villager (Male) |
| 18:08 | Create | Villager (Male) |
| 18:09 | Create | Villager (Male) |
| 18:10 | Build | Farm |
| 18:13 | Research | Heavy Plow |
| 18:15 | Create | Villager (Male) |
| 18:21 | Build | Farm |
| 18:42 | Build | House |
| 18:43 | Build | House |
| 18:50 | Create | Villager (Male) |
| 18:54 | Create | Villager (Male) |
| 19:04 | Build | Mill |
| 19:07 | Build | Farm |
| 19:08 | Build | Farm |
| 19:09 | Build | Farm |
| 19:11 | Build | Farm |
| 19:13 | Build | Farm |
| 19:21 | Create | Villager (Male) |
| 19:59 | Build | Farm |
| 20:02 | Build | Farm |
| 20:05 | Build | Farm |
| 20:11 | Build | Farm |
| 20:20 | Build | Farm |
| 20:21 | Create | Villager (Male) |
| 20:22 | Create | Villager (Male) |
| 20:24 | Create | Villager (Male) |
| 20:24 | Create | Villager (Male) |
| 20:24 | Create | Villager (Male) |
| 20:26 | Create | Villager (Male) |
| 20:29 | Research | Gold Mining |
| 20:31 | Create | Villager (Male) |
| 20:43 | Build | Barracks |
| 20:44 | Create | Villager (Male) |
| 20:44 | Create | Villager (Male) |
| 20:56 | Research | Wheelbarrow |
| 20:57 | Create | Villager (Male) |
| 20:58 | Create | Villager (Male) |
| 21:19 | Research | Scale Barding Armor |
| 21:23 | Create | Villager (Male) |
| 21:28 | Create | Villager (Male) |
| 21:37 | Create | Petard |
| 21:38 | Create | Petard |
| 21:41 | Create | Villager (Male) |
| 22:14 | Build | Mill |
| 22:16 | Build | Farm |
| 22:17 | Build | Farm |
| 22:18 | Build | Farm |
| 22:19 | Build | Farm |
| 22:20 | Build | Farm |
| 22:21 | Build | Farm |
| 22:22 | Build | Farm |
| 22:23 | Build | Farm |
| 22:36 | Build | Stable |
| 22:38 | Research | Chain Barding Armor |
| 22:39 | Research | Forging |
| 22:42 | Research | Fletching |
| 22:42 | Create | Villager (Male) |
Build order — O P T I M U S
First 150 of 414 actions detected
| 0:01 | Create | Villager (Male) |
| 0:04 | Build | House |
| 0:06 | Build | House |
| 0:19 | Create | Villager (Male) |
| 0:19 | Create | Villager (Male) |
| 0:20 | Create | Villager (Male) |
| 1:44 | Create | Villager (Male) |
| 1:44 | Create | Villager (Male) |
| 1:52 | Build | Lumber Camp |
| 2:34 | Create | Villager (Male) |
| 2:34 | Create | Villager (Male) |
| 2:45 | Create | Villager (Male) |
| 3:20 | Create | Villager (Male) |
| 3:22 | Create | Villager (Male) |
| 3:57 | Build | House |
| 4:14 | Create | Villager (Male) |
| 4:30 | Build | Mill |
| 4:34 | Create | Villager (Male) |
| 4:56 | Create | Villager (Male) |
| 4:57 | Create | Villager (Male) |
| 4:57 | Create | Villager (Male) |
| 4:57 | Create | Villager (Male) |
| 6:14 | Create | Villager (Male) |
| 6:45 | Research | Feudal Age |
| 7:15 | Build | House |
| 7:51 | Research | Loom |
| 8:44 | Build | House |
| 8:55 | Age | Feudal Age |
| 8:58 | Create | Villager (Male) |
| 9:07 | Build | Watch Tower |
| 9:17 | Research | Double-Bit Axe |
| 9:21 | Create | Villager (Male) |
| 9:27 | Build | Mining Camp |
| 10:12 | Create | Villager (Male) |
| 10:24 | Create | Villager (Male) |
| 10:36 | Create | Villager (Male) |
| 10:56 | Create | Villager (Male) |
| 11:15 | Build | Blacksmith |
| 11:46 | Build | Watch Tower |
| 11:55 | Create | Villager (Male) |
| 12:42 | Research | Fletching |
| 12:43 | Create | Villager (Male) |
| 12:47 | Build | Farm |
| 12:48 | Build | Farm |
| 12:48 | Build | Farm |
| 12:48 | Build | Farm |
| 12:48 | Build | Farm |
| 12:48 | Build | Farm |
| 12:48 | Build | Farm |
| 12:57 | Create | Villager (Male) |
| 13:03 | Build | Mill |
| 13:52 | Create | Villager (Male) |
| 14:06 | Create | Villager (Male) |
| 14:23 | Build | House |
| 14:24 | Build | House |
| 14:24 | Build | House |
| 14:28 | Build | Farm |
| 15:25 | Create | Villager (Male) |
| 15:56 | Create | Villager (Male) |
| 15:56 | Create | Villager (Male) |
| 15:57 | Create | Villager (Male) |
| 15:57 | Create | Villager (Male) |
| 15:57 | Create | Villager (Male) |
| 16:18 | Create | Villager (Male) |
| 17:10 | Create | Villager (Male) |
| 17:22 | Create | Villager (Male) |
| 17:31 | Build | Market |
| 18:28 | Build | Farm |
| 18:30 | Create | Villager (Male) |
| 19:06 | Research | Castle Age |
| 19:32 | Research | Horse Collar |
| 21:51 | Create | Villager (Male) |
| 21:56 | Age | Castle Age |
| 22:01 | Build | Town Center |
| 22:06 | Research | Bow Saw |
| 22:09 | Create | Villager (Male) |
| 22:09 | Create | Villager (Male) |
| 22:31 | Create | Villager (Male) |
| 22:32 | Create | Villager (Male) |
| 22:32 | Create | Villager (Male) |
| 22:32 | Create | Villager (Male) |
| 22:48 | Build | Outpost |
| 23:03 | Create | Villager (Male) |
| 23:03 | Create | Villager (Male) |
| 23:03 | Create | Villager (Male) |
| 23:03 | Create | Villager (Male) |
| 23:04 | Create | Villager (Male) |
| 24:09 | Build | Town Center |
| 24:21 | Create | Villager (Male) |
| 24:48 | Build | Town Center |
| 24:54 | Build | Farm |
| 25:01 | Create | Villager (Male) |
| 25:01 | Create | Villager (Male) |
| 25:01 | Create | Villager (Male) |
| 25:01 | Create | Villager (Male) |
| 25:13 | Create | Villager (Male) |
| 25:13 | Create | Villager (Male) |
| 25:20 | Build | Farm |
| 25:22 | Build | Farm |
| 25:29 | Build | Farm |
| 25:31 | Build | Farm |
| 25:34 | Build | Farm |
| 25:35 | Create | Villager (Male) |
| 25:35 | Create | Villager (Male) |
| 25:36 | Create | Villager (Male) |
| 25:40 | Build | Farm |
| 25:45 | Build | Farm |
| 25:48 | Create | Villager (Male) |
| 25:48 | Create | Villager (Male) |
| 25:50 | Build | Farm |
| 25:51 | Build | Farm |
| 25:51 | Build | Farm |
| 25:52 | Build | Farm |
| 25:58 | Build | Farm |
| 26:00 | Create | Villager (Male) |
| 26:00 | Create | Villager (Male) |
| 26:04 | Build | Farm |
| 26:07 | Build | Farm |
| 26:10 | Create | Villager (Male) |
| 26:11 | Create | Villager (Male) |
| 26:15 | Build | House |
| 26:18 | Build | House |
| 26:19 | Create | Villager (Male) |
| 26:19 | Create | Villager (Male) |
| 26:25 | Build | Farm |
| 26:27 | Build | Farm |
| 26:30 | Build | Farm |
| 26:31 | Create | Villager (Male) |
| 26:31 | Create | Villager (Male) |
| 26:36 | Build | House |
| 26:38 | Build | House |
| 26:39 | Build | House |
| 26:41 | Build | House |
| 26:43 | Build | House |
| 26:44 | Build | House |
| 26:45 | Create | Villager (Male) |
| 26:45 | Create | Villager (Male) |
| 26:45 | Create | Villager (Male) |
| 26:50 | Build | Farm |
| 26:53 | Build | Farm |
| 26:53 | Create | Villager (Male) |
| 26:53 | Create | Villager (Male) |
| 26:58 | Create | Villager (Male) |
| 26:58 | Create | Villager (Male) |
| 27:05 | Build | Farm |
| 27:08 | Build | Farm |
| 27:10 | Build | Farm |
| 27:12 | Create | Villager (Male) |
| 27:12 | Create | Villager (Male) |
| 27:12 | Create | Villager (Male) |
Build order — Deadkorpse
First 150 of 391 actions detected
| 0:00 | Create | Villager (Male) |
| 0:01 | Create | Villager (Male) |
| 0:02 | Build | House |
| 0:04 | Build | House |
| 0:06 | Create | Villager (Male) |
| 0:06 | Create | Villager (Male) |
| 1:33 | Create | Villager (Male) |
| 1:33 | Create | Villager (Male) |
| 1:46 | Build | Lumber Camp |
| 2:03 | Create | Villager (Male) |
| 2:03 | Create | Villager (Male) |
| 2:25 | Create | Villager (Male) |
| 2:25 | Create | Villager (Male) |
| 2:40 | Create | Villager (Male) |
| 3:05 | Create | Villager (Male) |
| 3:05 | Create | Villager (Male) |
| 3:06 | Create | Villager (Male) |
| 3:46 | Build | House |
| 3:55 | Build | Mill |
| 4:13 | Create | Villager (Male) |
| 4:14 | Create | Villager (Male) |
| 4:21 | Build | House |
| 4:22 | Build | House |
| 4:27 | Create | Villager (Male) |
| 4:28 | Create | Villager (Male) |
| 4:28 | Create | Villager (Male) |
| 4:33 | Build | House |
| 4:58 | Create | Villager (Male) |
| 5:49 | Create | Villager (Male) |
| 6:13 | Create | Villager (Male) |
| 6:13 | Create | Villager (Male) |
| 6:13 | Create | Villager (Male) |
| 6:40 | Create | Villager (Male) |
| 6:40 | Create | Villager (Male) |
| 6:40 | Create | Villager (Male) |
| 6:50 | Create | Villager (Male) |
| 6:51 | Create | Villager (Male) |
| 8:09 | Build | Mining Camp |
| 8:18 | Create | Villager (Male) |
| 8:37 | Research | Feudal Age |
| 8:58 | Build | Farm |
| 9:55 | Create | Villager (Male) |
| 9:55 | Create | Villager (Male) |
| 10:59 | Age | Feudal Age |
| 11:00 | Build | Market |
| 11:01 | Build | Blacksmith |
| 12:03 | Research | Castle Age |
| 12:03 | Research | Castle Age |
| 12:17 | Build | Farm |
| 12:18 | Build | Farm |
| 12:20 | Build | Farm |
| 13:42 | Research | Loom |
| 14:02 | Build | Lumber Camp |
| 14:15 | Build | Lumber Camp |
| 14:43 | Age | Castle Age |
| 14:49 | Build | Castle |
| 14:58 | Create | Villager (Male) |
| 15:07 | Build | Farm |
| 15:18 | Build | Farm |
| 15:24 | Build | Castle |
| 15:32 | Create | Villager (Male) |
| 15:35 | Build | Farm |
| 15:35 | Build | Farm |
| 15:35 | Build | Farm |
| 15:36 | Build | Farm |
| 16:10 | Build | House |
| 16:11 | Build | Stone Wall |
| 16:19 | Build | House |
| 16:29 | Build | Palisade Wall |
| 16:30 | Build | Stone Wall |
| 16:33 | Build | Stone Wall |
| 16:36 | Build | Stone Wall |
| 16:40 | Create | Villager (Male) |
| 16:41 | Create | Villager (Male) |
| 17:04 | Build | House |
| 17:10 | Build | Stone Wall |
| 17:20 | Build | Stone Wall |
| 17:28 | Create | Villager (Male) |
| 17:30 | Build | Farm |
| 17:32 | Build | Farm |
| 17:54 | Create | Villager (Male) |
| 18:20 | Build | Mining Camp |
| 18:21 | Create | Villager (Male) |
| 18:25 | Build | Farm |
| 18:38 | Create | Janissary |
| 18:38 | Create | Janissary |
| 18:40 | Create | Villager (Male) |
| 18:49 | Build | Mining Camp |
| 18:54 | Create | Villager (Male) |
| 18:58 | Create | Janissary |
| 18:58 | Create | Janissary |
| 19:09 | Create | Janissary |
| 19:28 | Create | Villager (Male) |
| 19:28 | Create | Villager (Male) |
| 19:28 | Create | Villager (Male) |
| 19:28 | Create | Villager (Male) |
| 19:28 | Create | Villager (Male) |
| 19:41 | Create | Janissary |
| 19:41 | Create | Janissary |
| 19:41 | Create | Janissary |
| 20:03 | Create | Janissary |
| 20:17 | Create | Janissary |
| 20:17 | Create | Janissary |
| 20:34 | Create | Janissary |
| 20:40 | Create | Villager (Male) |
| 20:44 | Create | Janissary |
| 20:44 | Create | Janissary |
| 20:45 | Create | Janissary |
| 20:55 | Build | Town Center |
| 21:05 | Create | Janissary |
| 21:12 | Create | Villager (Male) |
| 21:12 | Create | Villager (Male) |
| 21:27 | Build | Monastery |
| 21:33 | Create | Villager (Male) |
| 21:49 | Create | Janissary |
| 21:49 | Create | Villager (Male) |
| 21:49 | Create | Villager (Male) |
| 22:20 | Create | Villager (Male) |
| 22:49 | Create | Villager (Male) |
| 22:51 | Create | Janissary |
| 22:52 | Create | Villager (Male) |
| 22:53 | Create | Villager (Male) |
| 23:07 | Create | Villager (Male) |
| 23:27 | Build | Farm |
| 23:27 | Build | Farm |
| 23:27 | Build | Farm |
| 23:27 | Build | Farm |
| 23:27 | Build | Farm |
| 23:28 | Build | Farm |
| 23:32 | Build | Farm |
| 23:32 | Build | Farm |
| 23:33 | Build | Farm |
| 23:33 | Build | Farm |
| 23:33 | Build | Farm |
| 23:33 | Build | Farm |
| 23:41 | Create | Villager (Male) |
| 23:41 | Create | Villager (Male) |
| 23:48 | Build | Farm |
| 23:49 | Create | Villager (Male) |
| 24:12 | Create | Villager (Male) |
| 24:19 | Create | Petard |
| 24:19 | Create | Petard |
| 24:21 | Create | Villager (Male) |
| 24:44 | Create | Villager (Male) |
| 24:52 | Create | Petard |
| 24:53 | Create | Villager (Male) |
| 25:06 | Build | Farm |
| 25:16 | Create | Villager (Male) |
| 25:16 | Create | Villager (Male) |
| 25:43 | Create | Villager (Male) |
Build order — BSL | Afterlife
First 150 of 367 actions detected
| 0:01 | Create | Villager (Male) ×4 |
| 0:02 | Create | Villager (Male) ×4 |
| 0:04 | Build | House |
| 0:05 | Build | House |
| 1:22 | Create | Villager (Male) |
| 1:22 | Create | Villager (Male) |
| 1:41 | Build | Lumber Camp |
| 1:56 | Create | Villager (Male) |
| 1:56 | Create | Villager (Male) |
| 2:24 | Create | Villager (Male) |
| 2:24 | Create | Villager (Male) |
| 2:24 | Create | Villager (Male) |
| 3:08 | Create | Villager (Male) |
| 3:09 | Create | Villager (Male) |
| 3:09 | Create | Villager (Male) |
| 3:52 | Build | Dock |
| 3:56 | Build | House |
| 4:05 | Create | Villager (Male) |
| 4:05 | Create | Villager (Male) |
| 4:38 | Create | Fishing Ship |
| 4:51 | Create | Villager (Male) |
| 5:21 | Create | Fishing Ship |
| 5:25 | Create | Villager (Male) |
| 5:26 | Create | Villager (Male) |
| 5:32 | Build | House |
| 5:55 | Create | Villager (Male) |
| 6:09 | Build | House |
| 6:20 | Create | Fishing Ship |
| 6:31 | Create | Villager (Male) |
| 6:31 | Research | Loom |
| 6:54 | Create | Fishing Ship |
| 6:56 | Create | Villager (Male) |
| 7:40 | Create | Villager (Male) |
| 7:51 | Build | Lumber Camp |
| 8:02 | Create | Villager (Male) |
| 8:18 | Build | Mill |
| 8:20 | Create | Villager (Male) |
| 8:28 | Research | Feudal Age |
| 8:44 | Build | Mining Camp |
| 9:09 | Build | House |
| 9:27 | Build | House |
| 9:28 | Build | House |
| 10:15 | Create | Villager (Male) |
| 10:20 | Create | Fishing Ship |
| 10:21 | Create | Fishing Ship |
| 11:06 | Age | Feudal Age |
| 11:24 | Build | Market |
| 11:27 | Build | Blacksmith |
| 11:54 | Create | Fishing Ship |
| 12:13 | Research | Castle Age |
| 12:13 | Research | Castle Age |
| 12:24 | Build | Fish Trap |
| 12:38 | Build | Fish Trap |
| 12:42 | Build | Fish Trap |
| 12:54 | Research | Double-Bit Axe |
| 13:00 | Research | Tech 906 |
| 13:32 | Create | Villager (Male) |
| 13:35 | Build | Fish Trap |
| 13:49 | Build | Fish Trap |
| 14:14 | Build | Fish Trap |
| 14:37 | Build | Fish Trap |
| 14:53 | Age | Castle Age |
| 14:57 | Create | Villager (Male) |
| 15:04 | Create | Villager (Male) |
| 15:42 | Build | Town Center |
| 15:50 | Create | Villager (Male) |
| 15:50 | Create | Villager (Male) |
| 16:03 | Research | Gillnets |
| 16:12 | Build | House |
| 16:35 | Build | Town Center |
| 16:38 | Create | Villager (Male) |
| 17:05 | Create | Villager (Male) |
| 17:07 | Build | House |
| 17:23 | Create | Fishing Ship |
| 17:23 | Create | Fishing Ship |
| 17:30 | Build | Dock |
| 17:33 | Create | Villager (Male) |
| 17:34 | Create | Villager (Male) |
| 17:34 | Create | Villager (Male) |
| 17:35 | Create | Villager (Male) |
| 17:35 | Create | Villager (Male) |
| 17:38 | Build | House |
| 17:57 | Create | Villager (Male) |
| 17:57 | Create | Villager (Male) |
| 17:58 | Create | Villager (Male) |
| 18:05 | Build | Fish Trap |
| 18:11 | Build | House |
| 18:12 | Create | Villager (Male) |
| 18:12 | Create | Villager (Male) |
| 18:34 | Build | Palisade Wall |
| 18:39 | Build | Palisade Wall |
| 18:49 | Build | Dock |
| 18:56 | Build | Fish Trap |
| 18:59 | Build | Mining Camp |
| 19:00 | Create | Villager (Male) |
| 19:00 | Create | Villager (Male) |
| 19:03 | Build | Monastery |
| 19:06 | Build | House |
| 19:07 | Build | House |
| 19:08 | Create | Villager (Male) |
| 19:08 | Create | Villager (Male) |
| 19:08 | Create | Villager (Male) |
| 19:11 | Create | Fishing Ship |
| 19:11 | Create | Fishing Ship |
| 19:26 | Create | Villager (Male) |
| 19:27 | Create | Villager (Male) |
| 19:33 | Build | Mining Camp |
| 19:42 | Build | Siege Workshop |
| 19:45 | Build | House |
| 19:46 | Build | House |
| 19:48 | Create | Villager (Male) |
| 19:48 | Create | Villager (Male) |
| 19:48 | Create | Villager (Male) |
| 19:49 | Create | Villager (Male) |
| 19:53 | Create | Fishing Ship |
| 19:54 | Create | Fishing Ship |
| 19:54 | Create | Fishing Ship |
| 19:54 | Create | Fishing Ship |
| 19:55 | Create | Fishing Ship |
| 20:00 | Build | Fish Trap |
| 20:34 | Create | Villager (Male) |
| 20:35 | Create | Villager (Male) |
| 20:35 | Create | Villager (Male) |
| 20:35 | Create | Villager (Male) |
| 20:39 | Build | Fish Trap |
| 20:46 | Build | Fish Trap |
| 20:52 | Build | Fish Trap |
| 20:57 | Create | Villager (Male) |
| 20:58 | Create | Villager (Male) |
| 21:05 | Build | House |
| 21:17 | Build | Fish Trap |
| 21:19 | Create | Villager (Male) |
| 21:19 | Create | Villager (Male) |
| 21:20 | Create | Fishing Ship |
| 21:20 | Create | Fishing Ship |
| 21:21 | Build | Fish Trap |
| 21:27 | Create | Fishing Ship |
| 21:28 | Create | Fishing Ship |
| 21:30 | Create | Villager (Male) |
| 21:31 | Create | Villager (Male) |
| 21:31 | Create | Villager (Male) |
| 21:37 | Build | House |
| 21:42 | Research | Bow Saw |
| 21:45 | Build | Lumber Camp |
| 21:47 | Build | Lumber Camp |
| 21:50 | Create | Villager (Male) |
| 21:50 | Create | Villager (Male) |
| 21:59 | Build | House |
| 22:00 | Build | House |
| 22:01 | Build | House |
Match timeline
| 3:52 | BSL | Afterlife · first_building Dock |
| 4:31 | Water · first_building Dock |
| 8:55 | O P T I M U S · age_up feudal |
| 9:28 | FraGStaR · first_building Barracks |
| 10:39 | Water · age_up feudal |
| 10:39 | FraGStaR · wall_segment Palisade Wall x5 |
| 10:52 | newisyou · first_building Barracks |
| 10:59 | Deadkorpse · age_up feudal |
| 11:03 | FraGStaR · age_up feudal |
| 11:06 | BSL | Afterlife · age_up feudal |
| 11:09 | __wArDadDy · age_up feudal |
| 11:17 | FraGStaR · wall_segment Palisade Wall x5 |
| 11:28 | justkidding · age_up feudal |
| 11:48 | Deadkorpse · first_market_sell 100 stone |
| 11:58 | newisyou · age_up feudal |
| 12:02 | newisyou · first_building Stable |
| 13:00 | Water · first_market_buy 100 wood |
| 14:12 | Water · age_up castle |
| 14:43 | Deadkorpse · age_up castle |
| 14:49 | Deadkorpse · first_building Castle |
| 14:53 | BSL | Afterlife · age_up castle |
| 15:15 | __wArDadDy · age_up castle |
| 15:23 | justkidding · age_up castle |
| 15:30 | Water · first_building Monastery |
| 15:31 | __wArDadDy · first_building Castle |
| 16:11 | Deadkorpse · wall_segment Stone Wall x1 |
| 16:25 | newisyou · age_up castle |
| 16:29 | Deadkorpse · wall_segment Palisade Wall x1 |
| 16:30 | Deadkorpse · wall_segment Stone Wall x1 |
| 16:33 | Deadkorpse · wall_segment Stone Wall x1 |
| 16:36 | Deadkorpse · wall_segment Stone Wall x1 |
| 17:10 | Deadkorpse · wall_segment Stone Wall x1 |
| 17:20 | Deadkorpse · wall_segment Stone Wall x1 |
| 18:06 | justkidding · first_building Castle |
| 18:34 | BSL | Afterlife · wall_segment Palisade Wall x1 |
| 18:36 | newisyou · first_building Monastery |
| 18:39 | BSL | Afterlife · wall_segment Palisade Wall x1 |
| 18:40 | FraGStaR · wall_segment Stone Wall x18 |
| 18:53 | justkidding · first_market_buy 100 wood |
| 18:58 | O P T I M U S · first_market_sell 100 stone |
| 19:01 | O P T I M U S · first_market_buy 100 food |
| 19:03 | BSL | Afterlife · first_building Monastery |
| 19:20 | FraGStaR · wall_segment Stone Wall x5 |
| 19:42 | BSL | Afterlife · first_building Siege Workshop |
| 20:36 | FraGStaR · first_market_sell 100 wood |
| 20:37 | FraGStaR · first_market_buy 100 food |
| 20:43 | justkidding · first_building Barracks |
| 21:27 | Deadkorpse · first_building Monastery |
| 21:40 | BSL | Afterlife · first_market_buy 100 food |
| 21:56 | O P T I M U S · age_up castle |
| 22:12 | __wArDadDy · first_market_buy 100 food |
| 22:36 | justkidding · first_building Stable |
| 23:03 | FraGStaR · age_up castle |
| 23:37 | __wArDadDy · first_market_sell 100 stone |
| 24:03 | Water · first_market_sell 100 wood |
| 24:40 | FraGStaR · wall_segment Stone Wall x1 |
| 25:08 | Water · first_building Barracks |
| 25:44 | Water · first_building Archery Range |
| 25:48 | Water · first_building Stable |
| 25:58 | Water · first_building Castle |
| 26:25 | BSL | Afterlife · first_building Barracks |
| 26:26 | Water · wall_segment Palisade Wall x1 |
| 26:31 | BSL | Afterlife · first_building Castle |
| 27:18 | FraGStaR · wall_segment Stone Wall x1 |
| 27:19 | Water · age_up imperial |
| 27:23 | __wArDadDy · wall_segment Stone Wall x13 |
| 27:25 | FraGStaR · wall_segment Stone Wall x5 |
| 27:26 | FraGStaR · wall_segment Stone Wall x5 |
| 27:27 | FraGStaR · wall_segment Stone Wall x1 |
| 27:34 | __wArDadDy · wall_segment Stone Wall x5 |
| 29:15 | BSL | Afterlife · age_up imperial |
| 29:18 | O P T I M U S · first_building Monastery |
| 29:53 | newisyou · first_building Siege Workshop |
| 30:07 | BSL | Afterlife · first_building Stable |
| 30:11 | O P T I M U S · first_building Siege Workshop |
| 30:15 | Deadkorpse · first_market_buy 100 food |
| 31:28 | newisyou · first_building Castle |
| 31:30 | justkidding · first_market_sell 100 food |
| 31:34 | O P T I M U S · first_building Barracks |
| 31:52 | Water · first_building Siege Workshop |
| 32:26 | O P T I M U S · first_building Stable |
| 32:34 | BSL | Afterlife · first_market_sell 500 wood |
| 32:38 | newisyou · age_up imperial |
| 33:27 | newisyou · wall_segment Stone Wall x1 |
| 33:34 | Deadkorpse · age_up imperial |
| 33:41 | newisyou · first_market_sell 100 food |
| 34:17 | Deadkorpse · first_building Barracks |
| 34:43 | O P T I M U S · age_up imperial |
| 34:57 | justkidding · age_up imperial |
| 35:12 | justkidding · first_building Monastery |
| 35:14 | Deadkorpse · first_building Archery Range |
| 36:09 | FraGStaR · first_building Archery Range |
| 38:23 | BSL | Afterlife · resign |
| 38:50 | __wArDadDy · age_up imperial |
[ AI ANALYSIS · 1 CREDIT ]
What really happened in this match?
Wolo.gg analyzes every decision: build order, eco, micro, common mistakes by bracket. Personalized analysis on WhatsApp or Discord in 30 seconds.
Civ guide
Persians
Perfil
Jugador #4126726